 Dungeon Crawl Stone Soup version 0.29-a0-321-gf1c400731a (webtiles) character file.

Game seed: 17566040848183532826

29941 kae the Arsonist (level 13, -4/79 HPs)
             Began as a Tengu Fire Elementalist on Apr 4, 2022.
             Was an Elder of Vehumet.
             Slain by a quicksilver ooze (13 damage)
             ... in a Gauntlet.
             The game lasted 00:13:48 (17690 turns).

kae the Arsonist (Tengu Fire Elementalist)         Turns: 17690, Time: 00:13:49

Health: -4/79      AC: 13    Str: 15    XL:     13   Next: 48%
Magic:  9/24       EV: 16    Int: 27    God:    Vehumet [****..]
Gold:   538        SH:  5    Dex: 11    Spells: 8/25 levels left

rFire   . . .      SeeInvis .   q - +6 shillelagh "Devastator" {shatter}
rCold   + + .      Faith    .   p - +1 buckler
rNeg    . . .      Spirit   .   u - +6 ring mail of Deuteont {rC+ Int+8 Dex-5 Stlth+}
rPois   .          Reflect  .   (helmet restricted)
rElec   .          Harm     .   (no cloak)
rCorr   .          Rampage  .   (no gloves)
Will    .....      NoTele   +   (boots unavailable)
Stlth   ++........              f - amulet of the acrobat
HPRegen 0.23/turn               n - ring of protection from cold
MPRegen 0.19/turn               w - +6 ring of strength

@: flying quickly and evasively, quick
A: beak, talons 3, nimble flight
a: Renounce Religion


You were in a Gauntlet.
You worshipped Vehumet.
Vehumet was greatly pleased with you.
You visited 3 branches of the dungeon, and saw 14 of its levels.
You also visited: Gauntlet.

You collected 691 gold pieces.
You spent 153 gold pieces at shops.

Inventory:

Hand Weapons
 q - the +6 shillelagh "Devastator" (weapon) {shatter}
   (You found it on level 3 of the Dungeon)

   It releases a powerful concussive burst when it strikes, dealing extra damage
   to the target and all other foes adjacent to them.
Missiles
 g - 3 throwing nets
Armour
 a - a +0 robe
 p - a +1 buckler (worn)
 u - the +6 ring mail of Deuteont (worn) {rC+ Int+8 Dex-5 Stlth+}
   (You found it on level 5 of the Dungeon)

   Int:       It affects your intelligence (+8).
   Dex:       It affects your dexterity (-5).
   rC:        It protects you from cold.
   Stlth:     It makes you more stealthy.
Magical Staves
 d - a staff of death
Jewellery
 f - an amulet of the acrobat (around neck)
 n - a ring of protection from cold (left hand)
 w - a +6 ring of strength (right hand)
 y - a ring of resist corrosion
 H - a ring of protection from fire
Wands
 e - a wand of digging (5)
 t - a wand of paralysis (12)
 v - a wand of iceblast (22)
 C - a wand of charming (12)
 D - a wand of flame (12)
 K - a wand of mindburst (3)
Scrolls
 j - 3 scrolls of fog
 m - 5 scrolls of teleportation
 B - 3 scrolls of enchant weapon
 I - 2 scrolls of silence
 J - a scroll of enchant armour
Potions
 b - 2 potions of magic
 c - 3 potions of mutation
 h - 9 potions of curing
 i - 3 potions of attraction
 k - 2 potions of flight
 l - 2 potions of degeneration
 o - 2 potions of brilliance
 r - 3 potions of lignification
 s - 4 potions of might
 x - a potion of resistance
 z - 2 potions of invisibility
 A - a potion of haste
 E - 3 potions of ambrosia
 G - 2 potions of berserk rage


   Skills:
 + Level 8.5 Fighting
 + Level 9.4 Armour
 + Level 9.7 Dodging
 - Level 2.0 Stealth
 - Level 4.0 Shields
 + Level 6.8 Spellcasting
 + Level 9.5 Conjurations
 * Level 11.6 Fire Magic
 + Level 6.9 Evocations


You had 8 spell levels left.
You knew the following spells:

 Your Spells              Type           Power      Damage    Failure   Level
a - Foxfire               Conj/Fire      100%       2x1d9     1%          1
b - Scorch                Fire           100%       2d10      1%          2
c - Conjure Flame         Conj/Fire      60%        6-21      1%          3
d - Inner Flame           Hex/Fire       40%        N/A       1%          3
e - Flame Wave            Conj/Fire      60%        2d12      1%          4
f - Sticky Flame          Conj/Fire      60%        2d8       1%          4

Your spell library contained the following spells:

 Spells                   Type           Power      Damage    Failure   Level
 Ignite Poison            Fire/Tmut/Pois 30%        N/A       2%          3
 Magic Dart               Conj           100%       1d8       1%          1
 Searing Ray              Conj           100%       2d8       1%          2
 Mephitic Cloud           Conj/Pois/Air  26%        N/A       3%          3
 Fulminant Prism          Conj/Hex       17%        3d11      5%          4
 Slow                     Hex            36%        N/A       14%         1
 Summon Small Mammal      Summ           36%        N/A       14%         1
 Call Imp                 Summ           9%         N/A       21%         2
 Call Canine Familiar     Summ           9%         N/A       38%         3
 Confusing Touch          Hex            9%         N/A       38%         3
 Summon Guardian Golem    Hex/Summ       9%         N/A       38%         3
 Tukima's Dance           Hex            9%         N/A       38%         3
 Vampiric Draining        Necr           9%         2d6       38%         3
 Yara's Violent Unravell  Hex/Tmut       4%         3d4       65%         5
 Passage of Golubria      Tloc           9%         N/A       80%         4


Dungeon Overview and Level Annotations

Branches:
Dungeon (11/15)            Temple (1/1) D:5            Lair (2/6) D:10
  Swamp (0/4) Lair:2          Orc (0/2) D:11        Gauntlet (1/1)
  Snake: Lair:2-4    Spider: Lair:2-4

Altars:
Ashenzari
Cheibriados
Dithmenos
Elyvilon
Fedhas
Gozag
Hepliaklqana
Kikubaaqudgha
Makhleb
Nemelex Xobeh
Okawaru
Qazlal
Ru
Sif Muna
Trog
Uskayaw
Vehumet
Wu Jian
Xom
Yredelemnul
Zin
The Shining One
Jiyva

Shops:
D:1 !**(   D:4 [

Portals:
Trove: D:11 (give +4 ice dragon scales)

Annotations:
D:4 2 transporters, kae's ghost, amateur TeFE
D:7 1 runed translucent door, exclusion: door
Lair:1 3 runed translucent doors, jt's ghost, journeyman MyFi Gauntlet 11 transporters, 21 runed translucent doors


Innate Abilities, Weirdness & Mutations

You have a beak for a mouth.
You have claws for feet.
Your magical nature lets you fly swiftly and evasively.


Message History

The quicksilver ooze hits you.
You feel your power leaking away. The quicksilver ooze hits you!
The quicksilver ooze hits you. The quicksilver ooze hits you!
The quicksilver ooze completely misses you.
Casting: Scorch (safe; 1% risk of failure)
Confirm with . or Enter, or press ? or * to list all spells.
You don't have enough magic to cast this spell.
Casting: Scorch (safe; 1% risk of failure)
Confirm with . or Enter, or press ? or * to list all spells.
You don't have enough magic to cast this spell.
Unknown command.
Magic courses through your body. The quicksilver ooze hits you!
The quicksilver ooze engulfs you!
The quicksilver ooze hits you but does no damage.
The quicksilver ooze hits you. The quicksilver ooze barely misses you.
You cannot cast spells while unable to breathe!
You cannot cast spells while unable to breathe!
You cannot cast spells while unable to breathe!
Unknown command.
You slip free of the ooze engulfing you.
The quicksilver ooze attacks as you move away!
The quicksilver ooze hits you!!
* * * LOW HITPOINT WARNING * * *
The quicksilver ooze hits you!
* * * LOW HITPOINT WARNING * * *
You feel your power leaking away.
You gasp with relief as air once again reaches your lungs.
Okay, then.
Okay, then.
Blink to where?
Press: ? - help, Dir - move target
As you read the scroll of blinking, it crumbles to dust.
Casting: Scorch (safe; 1% risk of failure)
Confirm with . or Enter, or press ? or * to list all spells.
Flames lash the quicksilver ooze.
The quicksilver ooze is burned terribly!
The quicksilver ooze is severely wounded.
The quicksilver ooze hits you!
You die...

#b##..b#.8.##.#.####.#..#
bb##..##...#....#©.#.#..###
##...#######=##.#.#.##..#8#
#.###..#...#?.###.#..#..###
..##.###©.©#©.####.###©.#
##...###...#!####.#.##..###
#.###hh######).##.##.#..#8#
..##.###...#.#..#J.#.#..###
#..©b###...####.@.#.##..#
########...###########..###
.......§.§.............≈#8#
........≈8§........∩...∩###
.........≈.............≈#
########...###########..###
......w#...#....X.xx.#..#8#
.#.#.#w#...#.##...##.#..###
#.#.#.w#...#?.##.##..#..#


You could see a quicksilver ooze (combustible), a large abomination and 2 small
abominations.

Vanquished Creatures
  A boulder beetle (D:11)
  Erica (D:10)
  2 two-headed ogres
  A deep elf pyromancer (D:11)
  A cyclops (D:8)
  Joseph (D:10)
  Maggie (D:8)
  3 cane toads (Lair:1)
  A komodo dragon (D:11)
  4 trolls
  A hornet (D:8)
  Prince Ribbit (D:6)
  2 shadows
  Sigmund (D:5)
  4 wyverns
  A wraith (D:9)
  Grum (D:9)
  20 yaks
  2 steam dragons
  2 basilisks
  Menkaure (D:7)
  A warg (D:11)
  Edmund (D:5)
  4 acid dragons
  6 water moccasins
  5 black bears
  5 orc warriors
  2 sky beasts
  2 ogres
  9 wolves
  7 centaurs
  Blork the orc (D:4)
  2 phantoms
  2 kobold brigands (D:8)
  14 bullfrogs
  2 gnoll sergeants
  10 necrophages
  5 scorpions
  A water moccasin zombie (D:6)
  7 wights (D:8)
  A killer bee (D:8)
  5 howler monkeys
  3 gnoll shamans
  4 hounds
  11 orc priests
  3 jellies
  3 iguanas
  11 orc wizards
  Natasha (thrice) (D:4)
  6 adders
  25 gnolls
  2 white imps
  2 ufetubi (D:6)
  A dart slug (D:5)
  38 orcs
  3 ball pythons
  10 endoplasms
  2 giant cockroaches
  8 goblins
  8 hobgoblins
  3 quokkas
  6 bats
  4 frilled lizards
  2 kobolds
  6 rats
308 creatures vanquished.

Vanquished Creatures (others)
  6 bushes (D:6)
  511 foxfires
  45 fungi (D:10)
  61 plants
623 creatures vanquished.

Grand Total: 931 creatures vanquished

Notes
Turn   | Place    | Note
-------+----------+-------------------------------------------
     0 | D:1      | kae the Tengu Fire Elementalist began the quest for the
                  | Orb.
     0 | D:1      | Reached XP level 1. HP: 10/10 MP: 4/4
   203 | D:1      | Reached XP level 2. HP: 15/15 MP: 3/6
   243 | D:1      | Learned a level 2 spell: Scorch
   346 | D:1      | Found Neylittu's Weapon Shop.
   439 | D:1      | Found Pimoatt's General Store.
   539 | D:1      | Found Effi's Assorted Antiques.
   543 | D:1      | Bought a metallic grey potion for 16 gold pieces
   583 | D:1      | Found a faded altar of an unknown god.
   602 | D:1      | Found Qafrim's Distillery.
   616 | D:1      | Reached XP level 3. HP: 13/20 MP: 5/7
   842 | D:1      | Found Zyiherph's Jewellery Shoppe.
  1607 | D:2      | Reached skill level 1 in Fighting
  1750 | D:2      | Reached skill level 4 in Fire Magic
  1978 | D:1      | Bought a scroll labelled QEESUS CYENECO for 18 gold pieces
  1978 | D:1      | Bought a scroll labelled AVVANT MEDGHA for 18 gold pieces
  1978 | D:1      | Bought a scroll labelled SEMYAR TUG CIAK for 18 gold pieces
  1978 | D:1      | Bought a scroll labelled SYXOLA KEHUVEKK for 18 gold pieces
  2125 | D:3      | Reached XP level 4. HP: 25/25 MP: 2/8
  2328 | D:3      | Found the +6 shillelagh "Devastator" {shatter}
  2592 | D:3      | Reached skill level 1 in Armour
  2964 | D:4      | Noticed Blork the orc
  2975 | D:4      | Found Zef Huug's Antique Armour Boutique.
  2980 | D:4      | Found a transporter.
  2980 | D:4      | Noticed kae's ghost (amateur TeFE)
  3021 | D:4      | Reached skill level 1 in Evocations
  3021 | D:4      | Gained mutation: Your magical nature lets you fly swiftly
                  | and evasively. [Tengu growth]
  3021 | D:4      | Reached XP level 5. HP: 20/29 MP: 9/9
  3022 | D:4      | Reached skill level 1 in Shields
  3053 | D:4      | Reached XP level 6. HP: 27/34 MP: 7/10
  3180 | D:4      | Noticed Natasha
  3186 | D:4      | Killed Natasha
  3471 | D:4      | Found a transporter.
  3568 | D:4      | Killed Blork the orc
  3569 | D:4      | Reached skill level 5 in Fire Magic
  3569 | D:4      | Reached XP level 7. HP: 19/40 MP: 8/12
  3772 | D:4      | Noticed Natasha
  3780 | D:4      | Killed Natasha
  3793 | D:4      | Noticed Natasha
  3799 | D:4      | Killed Natasha
  3899 | D:1      | Bought a potion of degeneration for 13 gold pieces
  3899 | D:1      | Bought a potion of might for 52 gold pieces
  3990 | D:5      | Entered Level 5 of the Dungeon
  4365 | D:5      | Reached XP level 8. HP: 26/45 MP: 9/13
  4537 | D:5      | Noticed Sigmund
  4542 | D:5      | Killed Sigmund
  4626 | D:5      | Noticed a troll
  4702 | D:4      | Learned a level 3 spell: Conjure Flame
  4706 | D:4      | Learned a level 3 spell: Inner Flame
  4711 | D:4      | Learned a level 4 spell: Flame Wave
  4890 | D:5      | Reached skill level 6 in Fire Magic
  5199 | D:5      | Identified the +6 ring mail of Deuteont {rC+ Int+8 Dex-5
                  | Stlth+}
  5413 | D:5      | Killed a troll
  5414 | D:5      | Reached XP level 9. HP: 51/51 MP: 9/15
  5549 | D:5      | Found a staircase to the Ecumenical Temple.
  5736 | Temple   | Entered the Ecumenical Temple
  5837 | Temple   | Became a worshipper of Vehumet
  5956 | D:6      | Noticed Edmund
  5959 | D:6      | Reached skill level 5 in Conjurations
  5960 | D:6      | Noticed a troll
  6175 | D:5      | Killed Edmund
  6333 | D:5      | Killed a troll
  6334 | D:5      | Reached skill level 7 in Fire Magic
  6850 | D:6      | Found a blossoming altar of Fedhas.
  6982 | D:6      | Noticed Prince Ribbit
  6989 | D:6      | Killed Prince Ribbit
  6990 | D:6      | Reached skill level 5 in Dodging
  7156 | D:6      | Found a shimmering blue altar of Sif Muna.
  7159 | D:6      | Found a glowing silver altar of Zin.
  7162 | D:6      | Found a basalt altar of Yredelemnul.
  7304 | D:6      | Found a sparkling altar of Nemelex Xobeh.
  7731 | D:7      | Reached skill level 8 in Fire Magic
  7731 | D:7      | Reached XP level 10. HP: 58/58 MP: 17/17
  8055 | D:7      | Reached * piety under Vehumet
  8055 | D:7      | Offered knowledge of Sandblast by Vehumet.
  8320 | D:7      | Found a runed translucent door.
  8320 | D:7      | Noticed a sixfirhy
  8333 | D:7      | Reached skill level 5 in Armour
  8688 | D:7      | Noticed Menkaure
  8697 | D:7      | Killed Menkaure
  9468 | D:8      | Reached skill level 5 in Spellcasting
 10153 | D:8      | Noticed Maggie
 10162 | D:8      | Reached skill level 5 in Fighting
 10165 | D:8      | Killed Maggie
 10166 | D:8      | Reached skill level 9 in Fire Magic
 10166 | D:8      | Reached skill level 5 in Evocations
 10338 | D:8      | Noticed a two-headed ogre
 10351 | D:8      | Reached ** piety under Vehumet
 10351 | D:8      | Offered knowledge of Freeze by Vehumet.
 10351 | D:8      | Killed a two-headed ogre
 10352 | D:8      | Reached XP level 11. HP: 21/64 MP: 18/20
 10359 | D:8      | Noticed a cyclops
 10364 | D:8      | Killed a cyclops
 10698 | D:8      | Identified the +6 rapier of Pride {venom, *Rage Fragile
                  | rElec Dex+10}
 11139 | D:9      | Noticed a two-headed ogre
 11152 | D:9      | HP: 2/64 [two-headed ogre/+0 giant club (13)]
 11184 | D:9      | Killed a two-headed ogre
 11704 | D:9      | Found a sacrificial altar of Ru.
 11841 | D:9      | Reached skill level 10 in Fire Magic
 11968 | D:10     | Entered Level 10 of the Dungeon
 11995 | D:10     | Noticed Erica
 12287 | D:10     | Noticed Grum
 12650 | D:9      | Killed Grum
 12919 | D:9      | Offered knowledge of Frozen Ramparts by Vehumet.
 13120 | D:10     | Reached *** piety under Vehumet
 13273 | D:10     | Noticed Joseph
 13289 | D:10     | Killed Joseph
 13389 | D:10     | Found a staircase to the Lair.
 13764 | D:10     | Reached XP level 12. HP: 46/71 MP: 9/22
 13802 | D:10     | Killed Erica
 14034 | D:10     | Offered knowledge of Sticky Flame by Vehumet.
 14035 | D:10     | Reached skill level 11 in Fire Magic
 14140 | D:10     | Learned a level 4 spell: Sticky Flame
 14325 | D:11     | Reached XP level 13. HP: 78/78 MP: 23/23
 14462 | D:11     | Found a radiant altar of Vehumet.
 14771 | D:11     | Reached **** piety under Vehumet
 14771 | D:11     | HP: 3/78 [boulder beetle (9)]
 14906 | D:11     | Offered knowledge of Ignite Poison by Vehumet.
 15003 | D:11     | Found a staircase to the Orcish Mines.
 15878 | D:11     | Found a portal to a secret trove of treasure.
 16309 | Lair:1   | Entered Level 1 of the Lair of Beasts
 16889 | Lair:1   | Found a runed translucent gate.
 16889 | Lair:1   | Found a runed translucent gate.
 16890 | Lair:1   | Found a runed translucent gate.
 16903 | Lair:1   | Noticed jt's ghost (journeyman MyFi)
 17332 | Lair:1   | Found a viscous altar of Jiyva.
 17470 | Lair:2   | Found a gate leading to a gauntlet.
 17472 | Lair:2   | Found a staircase to the Swamp.
 17482 | Gauntlet | Entered a Gauntlet
 17482 | Gauntlet | Noticed a quicksilver ooze
 17482 | Gauntlet | Found a transporter.
 17482 | Gauntlet | Found a transporter.
 17482 | Gauntlet | Found a transporter.
 17487 | Gauntlet | Found a transporter.
 17487 | Gauntlet | Found a transporter.
 17496 | Gauntlet | Found a transporter.
 17496 | Gauntlet | Found the +2 cloak of the Thief {*Fog Slay-2 SInv Stlth+}
 17503 | Gauntlet | Found a transporter.
 17561 | Gauntlet | Found a transporter.
 17563 | Gauntlet | Found a large runed translucent door.
 17564 | Gauntlet | Found a large runed translucent door.
 17565 | Gauntlet | Found a large runed translucent door.
 17565 | Gauntlet | Found a large runed translucent door.
 17565 | Gauntlet | Found a runed translucent door.
 17565 | Gauntlet | Found a runed translucent door.
 17566 | Gauntlet | Found a large runed translucent door.
 17567 | Gauntlet | Found a large runed translucent door.
 17568 | Gauntlet | Found a large runed translucent door.
 17568 | Gauntlet | Found a large runed translucent door.
 17569 | Gauntlet | Found a runed translucent gate.
 17569 | Gauntlet | Found a runed translucent gate.
 17569 | Gauntlet | Found a runed translucent gate.
 17571 | Gauntlet | Found a transporter.
 17580 | Gauntlet | Found a large runed translucent door.
 17580 | Gauntlet | Found a large runed translucent door.
 17581 | Gauntlet | Found a large runed translucent door.
 17582 | Gauntlet | Found a large runed translucent door.
 17586 | Gauntlet | Found a transporter.
 17596 | Gauntlet | Found a transporter.
 17611 | Gauntlet | Found a transporter.
 17615 | Gauntlet | Found the +11 plutonium sword {Contam Stlth-}
 17649 | Gauntlet | Found a large runed translucent door.
 17650 | Gauntlet | Found a large runed translucent door.
 17651 | Gauntlet | Found a large runed translucent door.
 17651 | Gauntlet | Found a large runed translucent door.
 17690 | Gauntlet | Slain by a quicksilver ooze

Illustrated notes

Levels and vault maps discovered:
D:1:      lightli_arrival_statue_moat, layout_rooms, serial_shops, shop,
          nicolae_shop_crystal, nicolae_shop_behind_doors, shop,
          nicolae_shop_stone, serial_glass, glass_columns_a, glass_columns_a,
          nicolae_ecumenical_lake_church, minmay_tripent
D:2:      layout_basic
D:3:      layout_basic, grunt_decor_junction
D:4:      layout_rooms, gammafunk_ghost_mausoleum, serial_shops,
          nicolae_shop_overgrown_old_shop, due_unseen_surprise, uniq_natasha,
          uniq_blork_the_orc
D:5:      layout_cave_pools, temple_hall, uniq_sigmund
D:6:      layout_gridville, nemelex_diamond_rough_becter,
          grunt_temple_overflow_diamond, fedhas_altar_decomposition,
          abandoned_shop, uniq_prince_ribbit1, uniq_edmund
D:7:      cheibrodos_shockbox, layout_basic, grunt_ministairs_12, uniq_menkaure
D:8:      layout_loops_ring, kennysheep_kite_vault, uniq_maggie
D:9:      layout_loops_ring, kennysheep_mini_moat
D:10:     layout_loops_cross, due_lair_maze_entry_diamond, uniq_erica,
          uniq_grum, uniq_joseph
D:11:     layout_irregular_city, erik_orc_4, trove_entry_hex_spiral,
          vehumet_altar_wand_db
Temple:   compressed_dpeg_circular_temple
Lair:1:   layout_regular_city, gammafunk_ghost_ooze
Lair:2:   layout_roguey, swamp_mist, gauntlet_entry_generic,
          hangedman_lair_generics_rect
Gauntlet: gammafunk_gauntlet_shortcut [gammafunk_gauntlet_arena_mazey,
          gammafunk_gauntlet_arena_crates, gammafunk_gauntlet_arena_split_x,
          minmay_gauntlet_arena_make_your_own_arena, nicolae_gauntlet_arena_x,
          gammafunk_gauntlet_arena_grid, gauntlet_exit_hidden_loot]

Skill      XL: |  1  2  3  4  5  6  7  8  9 10 11 12 |
---------------+-------------------------------------+-----
Conjurations   | 2 3 4 6 7 8 9 |  9.5
Fighting       | 1 2 3 4 5 6 8 |  8.5
Fire Magic     | 4 5 6 8 9 10 11 | 11.6
Armour         | 1 2 3 4 5 7 9 |  9.4
Evocations     | 1 2 3 4 5 6 |  6.9
Shields        | 1 2 3 4 |  4.0
Dodging        | 3 4 5 6 7 9 |  9.7
Spellcasting   | 3 4 5 6 |  6.8
Stealth        | |  2.0

Action                   |  1- 3 |  4- 6 |  7- 9 | 10-12 | 13-15 || total
-------------------------+-------+-------+-------+-------+-------++-------
Melee: Staff             |    15 |     3 |       |       |       ||    18
       Peck              |     1 |     4 |     3 |    18 |     6 ||    32
       Kick              |     3 |     1 |     7 |    34 |    10 ||    55
       Shillelagh        |       |    21 |    34 |   158 |    26 ||   239
 Cast: Foxfire           |    60 |    36 |    63 |    46 |    93 ||   298
       Scorch            |     4 |     1 |    50 |    86 |    40 ||   181
       Conjure Flame     |       |       |     2 |     6 |     1 ||     9
       Inner Flame       |       |       |       |     1 |     1 ||     2
  Use: Scroll            |    10 |       |     4 |     7 |     3 ||    24
       Potion            |       |     1 |       |     4 |     2 ||     7
 Stab: Sleeping          |       |     1 |       |       |       ||     1
Armor: Robe              |     3 |     1 |     2 |       |       ||     6
       Ring mail         |       |       |    13 |   115 |    21 ||   149
Dodge: Dodged            |    26 |    18 |   102 |   275 |   108 ||   529
Block: Buckler           |       |     6 |    31 |    85 |    29 ||   151

Table legend: (Time is in decaauts)
 A = Elapsed time spent in this place.
 B = Non-inter-level travel time spent in this place.
 C = Inter-level travel time spent in this place.
 D = Time resting spent in this place.
 E = Time spent auto-exploring this place.
 F = Levels seen in this place.
 G = Mean time per level.
                   A        B        C        D        E       F      G
               +--------+--------+--------+--------+--------+-----+--------+
         Total |  17168 |  16279 |    889 |   1122 |  12824 |  15 | 1144.5 |
       Dungeon |  15755 |  14931 |    824 |   1121 |  11704 |  11 | 1432.3 |
        Temple |    122 |     69 |     53 |      0 |     55 |   1 |  122.0 |
          Lair |   1102 |   1092 |     10 |      1 |    928 |   2 |  551.0 |
      Gauntlet |    187 |    187 |      0 |      0 |    135 |   1 |  187.0 |
               +--------+--------+--------+--------+--------+-----+--------+

Top non-repeatable levels by time:
     D:9: 2356 daAuts
    D:11: 1896 daAuts
     D:7: 1593 daAuts
     D:5: 1516 daAuts
     D:4: 1461 daAuts
     D:8: 1366 daAuts
     D:6: 1273 daAuts
     D:1: 1248 daAuts
    D:10: 1087 daAuts
  Lair:1: 1035 daAuts
     D:3: 1028 daAuts
     D:2: 928 daAuts
Gauntlet: 187 daAuts
  Temple: 122 daAuts
  Lair:2: 67 daAuts
